 Dungeon Crawl Stone Soup version 0.19-a0-994-g3c636f0 (webtiles) character file.

3923 HAL9000 the Bludgeoner (level 10, -1/156 HPs)
             Began as an Ogre Hunter on July 17, 2016.
             Was a Priest of Trog.
             Slain by a water moccasin (2 damage)
             ... on level 8 of the Dungeon.
             The game lasted 00:23:26 (10833 turns).

HAL9000 the Bludgeoner (Ogre Hunter)               Turns: 10833, Time: 00:23:27

Health: -1/156     AC:  5    Str: 24    XL:     10   Next: 20%
Magic:  19/19      EV: 11    Int: 10    God:    Trog [***...]
Gold:   507        SH:  0    Dex: 13    Spells: 0 memorised, 9 levels left

rFire  . . .     SeeInvis .     N - +0 giant spiked club
rCold  . . .     Gourm    .     b - +0 robe
rNeg   . . .     Faith    .     (shield currently unavailable)
rPois  .         Spirit   .     (helmet restricted)
rElec  .         Dismiss  +     n - +1 cloak
rCorr  .         Reflect  .     (gloves unavailable)
SustAt .         Harm     .     (boots unavailable)
MR     +....                    D - amulet of dismissal
Stlth  ..........               B - ring of magical power
                                U - ring of stealth

@: berserking, very slightly contaminated, very quick, somewhat resistant to
hostile enchantments, extremely unstealthy
A: unfitting armour, tough skin 1
a: Berserk, Trog's Hand, Burn Spellbooks, Renounce Religion


You were on level 8 of the Dungeon.
You worshipped Trog.
Trog was most pleased with you.
You were very hungry.

You visited 2 branches of the dungeon, and saw 9 of its levels.

You collected 507 gold pieces.

Inventory:

Hand Weapons
 F - a +1 flail of crushing
 N - a +0 giant spiked club (weapon)
Missiles
 c - 4 large rocks
 d - a throwing net (quivered)
 l - 2 javelins
Armour
 b - a +0 robe (worn)
 n - a +1 cloak (worn)
Jewellery
 B - a ring of magical power (right hand)
 D - an amulet of dismissal (around neck)
 U - a ring of stealth (left hand)
Wands
 J - a wand of slowing (31/48)
 T - a wand of flame (35/48)
 W - a wand of digging (19/24)
 Y - a wand of confusion (26/48)
Scrolls
 g - 4 scrolls of remove curse
 h - 4 scrolls of teleportation
 i - 2 scrolls of fog
 p - a scroll of amnesia
 R - a scroll of magic mapping {unknown}
Potions
 k - a potion of might
 s - a potion of haste
 v - 2 potions of degeneration {unknown}
 C - 2 potions of cancellation
 E - 2 potions of lignification {unknown}
 O - a potion of flight {unknown}
 P - 2 potions of brilliance {unknown}
 S - 2 potions of heal wounds {unknown}
 V - 5 potions of curing
 Z - a potion of magic {unknown}
Comestibles
 f - 3 bread rations
 t - 2 slices of pizza
 w - 4 meat rations
 K - 3 fruits
 Q - a royal jelly


   Skills:
 - Level 8.0 Fighting
 + Level 15.4 Maces & Flails
 - Level 4.0 Throwing
 - Level 3.5 Dodging
 - Level 0.7 Stealth


You had 9 spell levels left.
You didn't know any spells.

Dungeon Overview and Level Annotations

Branches:
Dungeon (8/15)             Temple (0/1) D:6            Lair (1/6) D:8

Altars:
Ashenzari
Elyvilon
Fedhas
Hepliaklqana
Nemelex Xobeh
Okawaru
Qazlal
Ru
Trog
Uskayaw
Yredelemnul


Innate Abilities, Weirdness & Mutations

You are too large for most types of armour.
You have tough skin. (AC +1)


Message History

As you read the scroll of blinking, it crumbles to dust.
The water moccasin bites you!
* * * LOW HITPOINT WARNING * * *
The komodo dragon bites you!!
* * * LOW HITPOINT WARNING * * *
You climb upwards.
Welcome back to the Dungeon!
Your skin stops crawling.
You feel less resistant to hostile enchantments.
The killer bee closely misses you. x2; The killer bee stings you.
* * * LOW HITPOINT WARNING * * *
There is a staircase to the Lair here.
Okay, then.
Okay, then.
Okay, then.
A red film seems to cover your vision as you go berserk!
You feel yourself moving faster!
You feel mighty!
You are feeling very hungry.
The water moccasin barely misses you. The killer bee closely misses you.
The water moccasin bites you.
You die...

#####..............<......
................r.....
##.P...................
##...P..................
#...P...P..........)....
##########....P..................
..÷.[......P.P.P..PP../..........
#######...PPP.#### .P...........$
_#.).÷'.†..P.P#S@# .P.
.8.####...P...#[y# .P.. ...#
#....P.P#'##.P.P. ...#
#.....P...P...P.. .8##
#......P†...yPy.. .##
####....P...P(... ##
#...P........r. #####
##.#.[....y..#..
.[..#.....#.........# #


You could see a water moccasin and a killer bee.

Vanquished Creatures
  Pikel (D:8)
  2 yaks (D:8)
  Eustachio (D:4)
  A hippogriff (D:7)
  A hungry ghost (D:7)
  A water moccasin (D:7)
  An orc warrior (D:8)
  4 slaves (D:8)
  3 phantoms
  2 centaurs (D:5)
  5 ogres
  A crocodile (D:7)
  Blork the orc (D:4)
  3 giant frogs
  3 scorpions
  A killer bee (D:8)
  A howler monkey (D:6)
  An electric eel (Lair:1)
  2 centaur zombies
  4 crimson imps
  A giant frog zombie (D:6)
  5 jellies
  An orc wizard (D:4)
  Crazy Yiuf (D:3)
  A giant frog skeleton (D:4)
  2 orc priests (D:6)
  3 hounds
  2 iguanas
  6 worker ants
  Robin (D:3)
  A river rat (D:8)
  10 adders
  3 gnolls (D:7)
  2 shadow imps
  An ooze (D:6)
  3 adder skeletons
  4 worms (D:2)
  3 dart slugs (D:1)
  9 giant geckos
  18 orcs
  17 bats
  4 giant cockroaches
  16 goblins
  5 hobgoblins
  16 jackals
  11 kobolds
  7 quokkas
  A giant gecko zombie (D:6)
  5 giant newts
  21 rats
219 creatures vanquished.

Vanquished Creatures (others)
  6 fungi (D:8)
  A plant (D:8)
7 creatures vanquished.

Grand Total: 226 creatures vanquished

Notes
Turn   | Place    | Note
-------+----------+-------------------------------------------
     0 | D:1      | HAL9000 the Ogre Hunter began the quest for the Orb.
     0 | D:1      | Reached XP level 1. HP: 22/22 MP: 1/1
   235 | D:1      | Reached XP level 2. HP: 31/31 MP: 2/2
   529 | D:1      | Reached skill level 1 in Maces & Flails
   742 | D:1      | Reached XP level 3. HP: 39/39 MP: 3/3
  1787 | D:2      | Reached skill level 2 in Maces & Flails
  1810 | D:2      | Reached XP level 4. HP: 32/48 MP: 4/4
  2682 | D:2      | Found a bloodstained altar of Trog.
  2686 | D:2      | Became a worshipper of Trog the Wrathful
  2737 | D:3      | Noticed Robin
  2763 | D:3      | Reached skill level 3 in Maces & Flails
  2783 | D:3      | Killed Robin
  2783 | D:3      | Reached XP level 5. HP: 19/55 MP: 5/5
  3098 | D:3      | Found a white marble altar of Elyvilon.
  3541 | D:3      | Reached * piety under Trog
  3564 | D:3      | Found a white marble altar of Elyvilon.
  3632 | D:3      | Found a basalt altar of Yredelemnul.
  3827 | D:3      | Found a runed door.
  3872 | D:3      | Found a shattered altar of Ashenzari.
  4104 | D:3      | Noticed Crazy Yiuf
  4105 | D:3      | Killed Crazy Yiuf
  4105 | D:3      | Reached skill level 4 in Maces & Flails
  4502 | D:4      | Noticed a phantom
  4508 | D:4      | Reached XP level 6. HP: 51/65 MP: 6/6
  4514 | D:4      | Reached skill level 5 in Fighting
  4521 | D:4      | Killed a phantom
  4521 | D:4      | Reached skill level 5 in Maces & Flails
  4920 | D:4      | Noticed Eustachio
  4955 | D:4      | Noticed Blork the orc
  5232 | D:4      | Killed Blork the orc
  5252 | D:4      | HP: 3/66 [poisoned by Eustachio]
  5254 | D:4      | HP: 1/66 [poisoned by Eustachio]
  5497 | D:4      | Killed Eustachio
  5497 | D:4      | Reached skill level 6 in Maces & Flails
  5497 | D:4      | Reached XP level 7. HP: 64/75 MP: 7/7
  5763 | D:4      | Reached skill level 7 in Maces & Flails
  6122 | D:4      | Found a sparkling altar of Nemelex Xobeh.
  6413 | D:4      | Reached ** piety under Trog
  6444 | D:5      | Entered Level 5 of the Dungeon
  6625 | D:5      | Reached skill level 8 in Maces & Flails
  6625 | D:5      | Reached XP level 8. HP: 55/84 MP: 8/8
  7252 | D:6      | Reached skill level 9 in Maces & Flails
  7471 | D:6      | Reached skill level 10 in Maces & Flails
  8050 | D:6      | Found a staircase to the Ecumenical Temple.
  8266 | D:6      | Reached skill level 11 in Maces & Flails
  8417 | D:7      | Reached XP level 9. HP: 71/96 MP: 9/9
  8691 | D:6      | Reached skill level 12 in Maces & Flails
  8902 | D:6      | Reached *** piety under Trog
  9364 | D:7      | Reached skill level 13 in Maces & Flails
 10310 | D:8      | Reached skill level 14 in Maces & Flails
 10428 | D:8      | Reached XP level 10. HP: 60/104 MP: 10/10
 10632 | D:8      | Noticed Pikel
 10658 | D:8      | Found a blossoming altar of Fedhas.
 10715 | D:8      | Killed Pikel
 10715 | D:8      | Reached skill level 15 in Maces & Flails
 10730 | D:8      | Found a sacrificial altar of Ru.
 10732 | D:8      | Found a hide-covered altar of Uskayaw.
 10732 | D:8      | Found a stormy altar of Qazlal.
 10735 | D:8      | Found a hazy altar of Hepliaklqana.
 10736 | D:8      | Found an iron altar of Okawaru.
 10767 | D:8      | Found a staircase to the Lair.
 10820 | Lair:1   | Entered Level 1 of the Lair of Beasts
 10831 | Lair:1   | HP: 2/104 [komodo dragon (19)]
 10833 | D:8      | Slain by a water moccasin

Vault maps used:
D:1:      dpeg_arrival_renting, minmay_misc_feat_square
D:2:      bloody_trog, minmay_quantized
D:3:      ashenzari_conservatory_becter, kennysheep_ying_yang,
          kennysheep_flooded_box, uniq_crazy_yiuf_cottage, uniq_robin
D:4:      lemuel_coloured_pillars_altar, first_bread, uniq_eustachio,
          uniq_blork_the_orc
D:8:      minitemple, xom_butterflies, grunt_lair_entry_orc_guard_hut,
          basic_altar, uniq_pikel
Lair:1:   infiniplex_staircase_pool

Skill      XL: |  1  2  3  4  5  6  7  8  9 10 |
---------------+-------------------------------+-----
Fighting       | 3 4 6 8 |  8.0
Dodging        | 2 3 |  3.5
Maces & Flails | 1 2 3 4 6 8 11 14 15 | 15.4
Throwing       | |  4.0
Stealth        | |  0.7

Action                   |  1- 3 |  4- 6 |  7- 9 | 10-12 || total
-------------------------+-------+-------+-------+-------++-------
Melee: Short sword       |    36 |       |       |       ||    36
       Club              |   174 |    95 |       |       ||   269
       Mace              |       |    92 |       |       ||    92
       Whip              |       |    40 |       |       ||    40
       Flail             |       |       |   276 |       ||   276
       Giant spiked club |       |       |    87 |    61 ||   148
Throw: Large rock        |     2 |    21 |    11 |     2 ||    36
       Throwing net      |       |     9 |     2 |     1 ||    12
       Javelin           |       |       |     3 |       ||     3
Invok: Trog's Hand       |       |       |       |     2 ||     2
       Berserk           |       |       |       |     1 ||     1
  Use: Scroll            |       |     5 |    11 |     2 ||    18
       Potion            |       |     1 |       |       ||     1
 Stab: Sleeping          |     1 |     1 |     4 |       ||     6
       Held in net/web   |       |     1 |       |     1 ||     2
  Eat: Chunk             |     3 |    10 |    17 |     2 ||    32
       Pizza             |       |     1 |       |       ||     1
       Fruit             |       |       |     3 |       ||     3
Armor: Robe              |    99 |    93 |   114 |    25 ||   331
Dodge: Dodged            |   133 |   198 |   261 |    56 ||   648
